Construct Infanterie Kompanie
Selects Terror Battlegroup
Selects Terror Battlegroup
Selects Machine Gun Camouflage
Construct Panzergrenadier Kompanie
Nebelwerfer 42 Rocket Launcher Team
Nebelwerfer 42 Rocket Launcher Team
Construct Luftwaffe Kompanie
Selects Contempt for the Weak
Selects Contempt for the Weak
Selects Contempt for the Weak
Selects Propaganda Leaflet Drop
Marder III M Tank Destroyer
Marder III M Tank Destroyer
Marder III M Tank Destroyer
Luftwaffe Officer Quarters
Marder III M Tank Destroyer
Marder III M Tank Destroyer